 Dungeon Crawl Stone Soup version 0.31-a0-656-gb4d89c20fa (webtiles) character file.

Game seed: 16042716211622603037

46 Joey1 the Covered (level 3, -5/33 HPs)
             Began as a Minotaur Fighter on Aug 30, 2023.
             Slain by a gnoll
             ... wielding a +0 halberd
              (7 damage)
             ... on level 2 of the Dungeon.
             The game lasted 00:01:31 (953 turns).

Joey1 the Covered (Minotaur Fighter)                 Turns: 953, Time: 00:01:32

Health: -5/33      AC:  7    Str: 22    XL:     3   Next: 46%
Magic:  2/2        EV: 10    Int:  5    God:
Gold:   96         SH:  4    Dex:  9    Spells: 2/2 levels left

rFire   . . .        a - +0 war axe
rCold   . . .        c - +0 buckler
rNeg    . . .        b - +0 scale mail
rPois   .            (helmet restricted)
rElec   .            (no cloak)
rCorr   .            (no gloves)
SInv    .            (no boots)
Will    .....        (no amulet) Stlth
                     (no ring)
HPRegen 0.25/turn    (no ring)
MPRegen 0.08/turn

%: no passive effects
@: no status effects
A: horns 2, retaliatory headbutt
a: no special abilities


You were on level 2 of the Dungeon.
You visited 1 branch of the dungeon, and saw 2 of its levels.

You collected 96 gold pieces.

Inventory:

Hand Weapons
 a - a +0 war axe (weapon)
Armour
 b - a +0 scale mail (worn)
 c - a +0 buckler (worn)
Jewellery
 h - an amulet of magic regeneration
Scrolls
 e - a scroll of teleportation {unknown}
 f - a scroll of revelation {unknown}
Potions
 d - a potion of might
 g - a potion of resistance {unknown}
 i - a potion of heal wounds {unknown}


   Skills:
 - Level 4.0 Fighting
 + Level 3.2 Axes
 - Level 4.0 Armour
 + Level 1.6 Dodging
 - Level 4.0 Shields


You had 2 spell levels left.
You didn't know any spells.
Your spell library was empty.

Dungeon Overview and Level Annotations

Branches:
Dungeon (2/15)

Altars:


Innate Abilities, Weirdness & Mutations

You have a pair of horns on your head.
You reflexively headbutt those who attack you in melee.


Message History

The gnoll hits you with a +0 spear. The gnoll barely misses you.
You block the gnoll's attack.
You closely miss the gnoll. The gnoll barely misses you.
The gnoll hits you with a +0 spear!
Unknown command.
You slash the gnoll!
The gnoll is almost dead.
You hit the gnoll. The gnoll hits you but does no damage.
The gnoll barely misses you. You block the gnoll's attack.
Unknown command.
You slash the gnoll!
You kill the gnoll!
You closely miss the gnoll. You hit the gnoll. You block the gnoll's attack.
The gnoll closely misses you. x2; The gnoll hits you with a +0 club.
The gnoll barely misses you. The gnoll completely misses you.
Unknown command.
You are too injured to fight recklessly!
Unknown command.
You are too injured to fight recklessly!
Unknown command.
You are too injured to fight recklessly!
You hit the gnoll.
The gnoll is heavily wounded.
You hit the gnoll. The gnoll hits you with a +0 club.
The gnoll hits you but does no damage. The gnoll barely misses you.
You closely miss the gnoll.
The gnoll is heavily wounded.
You barely miss the gnoll. The gnoll closely misses you.
You furiously retaliate!
You headbutt the gnoll. The gnoll barely misses you. You furiously retaliate!
You headbutt the gnoll. The gnoll closely misses you.
You barely miss the gnoll. You headbutt the gnoll.
The gnoll is almost dead.
You hit the gnoll.
You kill the gnoll!
The gnoll hits you with a +0 club.
* * * LOW HITPOINT WARNING * * *
The gnoll hits you from afar with a +0 halberd!
* * * LOW HITPOINT WARNING * * *
The gnoll hits you from afar with a +0 halberd!
You die...

#........#
#.........
#........##
..........
.........#
.........######
.....g)........
#....# #..g@.#####
#..... ##.)......#
#..... #........#
#.... #........#
#.... #........#
#....
#........#######....
#.............##....
#.............##....
#.#####.......####.#


You could see 2 gnolls.

Vanquished Creatures
  2 gnolls (D:2)
  5 ball pythons (D:1)
  4 endoplasms
  3 giant cockroaches (D:1)
  2 goblins (D:2)
  6 hobgoblins
  2 quokkas
  4 bats
  2 frilled lizards
  3 kobolds
  A rat (D:1)
34 creatures vanquished.

Notes
Turn   | Place    | Note
-------+----------+-------------------------------------------
     0 | D:1      | Joey1 the Minotaur Fighter began the quest for the Orb.
     0 | D:1      | Reached XP level 1. HP: 19/19 MP: 0/0
   170 | D:1      | Reached XP level 2. HP: 27/27 MP: 1/1
   315 | D:1      | Reached skill level 1 in Dodging
   761 | D:2      | Reached XP level 3. HP: 31/33 MP: 2/2
   953 | D:2      | Slain by a gnoll

Illustrated notes

Levels and vault maps discovered:
D:1:      lemuel_arrival_river_passageway, layout_loops_ring
D:2:      layout_basic, minmay_randomly_rotated_circles, uniq_natasha

Skill      XL: |  1  2  3 |
---------------+----------+-----
Dodging        | 1 |  1.6
Armour         | 4 |  4.0
Shields        | 4 |  4.0
Fighting       | 4 |  4.0
Axes           | 3 |  3.2

Action                     || total
---------------------------++-------
  Melee: War axe           ||    68
         Headbutt          ||     8
 Armour: Scale mail        ||    35
  Dodge: Dodged            ||    33
  Block: Buckler           ||    17

Table legend: (Time is in decaauts)
 A = Elapsed time spent in this place.
 B = Non-inter-level travel time spent in this place.
 C = Inter-level travel time spent in this place.
 D = Time resting spent in this place.
 E = Time spent auto-exploring this place.
 F = Levels seen in this place.
 G = Mean time per level.
                   A        B        C        D        E       F      G
               +--------+--------+--------+--------+--------+-----+--------+
         Total |    990 |    950 |     40 |      0 |    754 |   2 |  495.0 |
       Dungeon |    990 |    950 |     40 |      0 |    754 |   2 |  495.0 |
               +--------+--------+--------+--------+--------+-----+--------+

Top non-repeatable levels by time:
     D:1: 622 daAuts
     D:2: 367 daAuts
